 Dungeon Crawl Stone Soup version 0.29-a0-925-g0a7a3d12f8 (webtiles) character file.

Game seed: 11439391452842140963

700 Malachi the Grappler (level 7, -3/62 HPs)
             Began as a Troll Warper on July 29, 2022.
             Was an Initiate of Cheibriados.
             Slain by a water moccasin (4 damage)
             ... on level 5 of the Dungeon.
             The game lasted 00:03:11 (4155 turns).

Malachi the Grappler (Troll Warper)                 Turns: 4155, Time: 00:03:12

Health: -3/62      AC:  4    Str: 21    XL:     7   Next: 38%
Magic:  7/7        EV: 10    Int: 12    God:    Cheibriados [......]
Gold:   268        SH:  0    Dex: 10    Spells: 8/8 levels left

rFire   . . .      SeeInvis .     - Unarmed
rCold   . . .      Faith    +   (no shield)
rNeg    . . .      Spirit   .   a - +0 robe
rPois   .          Reflect  .   (helmet restricted)
rElec   .          Harm     .   (no cloak)
rCorr   .          Rampage  .   (gloves unavailable)
Will    .....                   (boots unavailable)
Stlth   +.........              o - amulet of faith
HPRegen 1.00/turn               (no ring)
MPRegen 0.10/turn               (no ring)

@: lethally poisoned (-3 -> -9), very slow
A: large, unfitting armour, claws 3, regeneration 1, shaggy fur 1, tough skin 1
a: Renounce Religion


You were on level 5 of the Dungeon.
You worshipped Cheibriados.
Cheibriados was noncommittal.
You visited 2 branches of the dungeon, and saw 6 of its levels.

You collected 268 gold pieces.

Inventory:

Missiles
 c - 7 boomerangs of dispersal (quivered)
 r - 5 boomerangs
Armour
 a - a +0 robe (worn)
Jewellery
 o - an amulet of faith (around neck)
 s - an amulet of magic regeneration
Scrolls
 b - 2 scrolls of blinking
 i - a scroll of immolation
 l - 2 scrolls of enchant armour
 n - 2 scrolls of identify
 p - a scroll of teleportation {unknown}
Potions
 d - 3 potions of heal wounds {unknown}
 e - 2 potions of magic {unknown}
 f - 2 potions of degeneration {unknown}
 g - 4 potions of attraction {unknown}
 h - a potion of ambrosia {unknown}
 j - 4 potions of curing {unknown}
 k - a potion of mutation {unknown}
 m - a potion of haste {unknown}
 q - a potion of invisibility {unknown}


   Skills:
 - Level 1.5 Fighting
 - Level 0.8 Throwing
 - Level 1.9 Dodging
 + Level 8.4 Unarmed Combat
 - Level 1.2 Spellcasting
 - Level 2.1 Translocations


You had 8 spell levels left.
You didn't know any spells.
Your spell library contained the following spells:

 Spells                   Type           Power      Damage    Failure   Level
 Blink                    Tloc           12%        N/A       19%         2
 Gell's Gravitas          Tloc           6%         N/A       34%         3
 Lesser Beckoning         Tloc           6%         N/A       34%         3
 Teleport Other           Tloc           6%         N/A       34%         3
 Conjure Flame            Conj/Fire      0%         6-21      65%         3
 Ignite Poison            Fire/Tmut/Pois 0%         N/A       65%         3
 Sticky Flame             Conj/Fire      0%         2d3       96%         4
 Manifold Assault         Tloc           6%         N/A       97%         5


Dungeon Overview and Level Annotations

Branches:
Dungeon (5/15)             Temple (1/1) D:4

Altars:
Ashenzari
Cheibriados
Dithmenos
Elyvilon
Fedhas
Hepliaklqana
Kikubaaqudgha
Makhleb
Nemelex Xobeh
Okawaru
Qazlal
Ru
Sif Muna
Trog
Uskayaw
Vehumet
Wu Jian
Xom
Yredelemnul
Zin
The Shining One


Innate Abilities, Weirdness & Mutations

You are too large for most types of armour.
You have claws for hands.
Your natural rate of healing is unusually fast.
You are covered in fur. (AC +1)
You have tough skin. (AC +1)


Message History

The water moccasin closely misses you.
You miss the water moccasin.
You feel very sick. The water moccasin barely misses you.
You mangle the water moccasin!!
The water moccasin is severely wounded.
You feel sick.
The water moccasin bites you but does no damage.
The water moccasin bites you!
You scratch the water moccasin but do no damage.
The water moccasin is severely wounded.
You feel sick. The water moccasin bites you.
You are more poisoned.
The water moccasin poisons you!
You are too injured to fight recklessly!
You are too injured to fight recklessly!
You are too injured to fight recklessly!
You are too injured to fight recklessly!
You are too injured to fight recklessly!
You barely miss the water moccasin.
The water moccasin is severely wounded.
You feel very sick. The water moccasin bites you.
You barely miss the water moccasin. Your claw misses the water moccasin.
The water moccasin is severely wounded.
You feel very sick. The water moccasin misses you.
You barely miss the water moccasin.
The water moccasin is severely wounded.
You feel very sick. The water moccasin bites you.
* * * LOW HITPOINT WARNING * * *
You barely miss the water moccasin.
The water moccasin is severely wounded.
* * * LOW HITPOINT WARNING * * *
You feel very sick. The water moccasin bites you.
* * * LOW HITPOINT WARNING * * *
The water moccasin bites you.
You die...

##...####..# #.# #####
.......##.#### #.#
######.......####.###
###..##........#
#.######.....#
######.######.....#
#..........########
#......รท...#######
#.............@S.#
###....).....#####......
................ .....
################ ####


You could see a water moccasin.

Vanquished Creatures
  A sky beast (D:5)
  A black bear (D:5)
  An ogre (D:5)
  A phantom (D:4)
  A necrophage (D:5)
  2 scorpions
  A hound (D:5)
  An iguana (D:5)
  4 gnolls (D:2)
  2 adders (D:4)
  2 worms
  4 dart slugs
  An orc (D:3)
  6 endoplasms
  6 giant cockroaches
  3 goblins (D:4)
  3 hobgoblins (D:1)
  4 jackals (D:3)
  2 kobolds (D:1)
  6 quokkas
  5 ball pythons
  3 frilled lizards
  5 rats
65 creatures vanquished.

Notes
Turn   | Place    | Note
-------+----------+-------------------------------------------
     0 | D:1      | Malachi the Troll Warper began the quest for the Orb.
     0 | D:1      | Reached XP level 1. HP: 19/19 MP: 1/1
   141 | D:1      | Reached XP level 2. HP: 21/27 MP: 2/2
   356 | D:1      | Reached skill level 3 in Unarmed Combat
   730 | D:1      | Found a faded altar of an unknown god.
   890 | D:2      | Found a hazy altar of Hepliaklqana.
   979 | D:2      | Reached XP level 3. HP: 30/33 MP: 3/3
   984 | D:2      | Reached skill level 4 in Unarmed Combat
  1120 | D:2      | Reached XP level 4. HP: 41/41 MP: 4/4
  1869 | D:3      | Found a shadowy altar of Dithmenos.
  2176 | D:4      | Found a blossoming altar of Fedhas.
  2177 | D:4      | Found a shimmering altar of Xom.
  2347 | D:4      | Found a bloodstained altar of Trog.
  2368 | D:4      | Noticed a scorpion
  2384 | D:4      | Found an ornate altar of the Wu Jian Council.
  2523 | D:4      | Noticed a phantom
  2529 | D:4      | Killed a phantom
  2530 | D:4      | Reached skill level 5 in Unarmed Combat
  2530 | D:4      | Reached XP level 5. HP: 47/48 MP: 5/5
  2636 | D:4      | Reached skill level 6 in Unarmed Combat
  2856 | D:4      | Found a staircase to the Ecumenical Temple.
  2869 | Temple   | Entered the Ecumenical Temple
  2920 | Temple   | Became a worshipper of Cheibriados the Contemplative
  3356 | D:5      | Entered Level 5 of the Dungeon
  3397 | D:5      | Reached XP level 6. HP: 16/55 MP: 6/6
  3720 | D:5      | Reached skill level 7 in Unarmed Combat
  3734 | D:5      | Reached XP level 7. HP: 43/62 MP: 7/7
  3879 | D:5      | Reached skill level 8 in Unarmed Combat
  4155 | D:5      | HP: 1/62 [water moccasin (6)]
  4155 | D:5      | Slain by a water moccasin

Illustrated notes

Levels and vault maps discovered:
D:1:      minmay_arrival_four_circles, layout_basic,
          hellmonk_ecumenical_altar_heavens_door, hangedman_glass_teeth,
          st_stairs_10
D:2:      layout_loops_ring, basic_altar, serial_bayou_pond_a
D:3:      layout_loops_corners, mainiacjoe_overflow_paths
D:4:      nicolae_BIG_FREAKIN_CUBE, layout_basic,
          gammafunk_temple_overflow_pools, mainiacjoe_overflow_catwalk_spiral,
          temple_hall, portal_sewer_entry_d
D:5:      layout_rooms, kennysheep_generic_room_3
Temple:   nicolae_temple_elliptical

Skill      XL: |  1  2  3  4  5  6  7 |
---------------+----------------------+-----
Unarmed Combat | 3 4 5 6 7 8 |  8.4
Fighting       | |  1.5
Throwing       | |  0.8
Dodging        | |  1.9
Spellcasting   | |  1.2
Translocations | |  2.1

Action                   |  1- 3 |  4- 6 |  7- 9 || total
-------------------------+-------+-------+-------++-------
Melee: Unarmed           |    89 |   123 |    24 ||   236
       Punch             |       |     6 |     2 ||     8
  Use: Scroll            |       |     6 |       ||     6
 Stab: Sleeping          |     1 |     2 |       ||     3
Armor: Robe              |    24 |    33 |     4 ||    61
Dodge: Dodged            |    41 |    43 |     7 ||    91

Table legend: (Time is in decaauts)
 A = Elapsed time spent in this place.
 B = Non-inter-level travel time spent in this place.
 C = Inter-level travel time spent in this place.
 D = Time resting spent in this place.
 E = Time spent auto-exploring this place.
 F = Levels seen in this place.
 G = Mean time per level.
                   A        B        C        D        E       F      G
               +--------+--------+--------+--------+--------+-----+--------+
         Total |   4331 |   4227 |    104 |    484 |   3220 |   6 |  721.8 |
       Dungeon |   4122 |   4079 |     43 |    484 |   3090 |   5 |  824.4 |
        Temple |    208 |    147 |     61 |      0 |    130 |   1 |  208.0 |
               +--------+--------+--------+--------+--------+-----+--------+

Top non-repeatable levels by time:
     D:4: 1032 daAuts
     D:5: 932 daAuts
     D:3: 774 daAuts
     D:1: 760 daAuts
     D:2: 623 daAuts
  Temple: 208 daAuts
